 Dungeon Crawl Stone Soup version 0.26-a0-1129-gc5df7fbe6a (webtiles) character file.

Game seed: 5085417738798348304

1130 sideus8 the Insei (level 8, 0/72 HPs)
             Began as a Gnoll Transmuter on Dec 17, 2020.
             Slain by Tarl's ghost (7 damage)
             ... on level 5 of the Dungeon on Dec 18, 2020.
             The game lasted 00:16:14 (4968 turns).

sideus8 the Insei (Gnoll Transmuter)                Turns: 4968, Time: 00:16:15

Health: 0/72       AC: 10    Str: 14    XL:     8   Next: 36%
Magic:  10/17      EV: 13    Int: 17    God:
Gold:   144        SH:  0    Dex: 15    Spells: 4/19 levels left

rFire    . . .     SeeInvis .     - Unarmed
rCold    + + .     Faith    .   (shield currently unavailable)
rNeg     . . .     Spirit   .   (armour currently unavailable)
rPois    +         Reflect  .   (helmet currently unavailable)
rElec    .         Harm     .   (cloak currently unavailable)
rCorr    .         Rampage  .   (gloves currently unavailable)
Will     .....                  (boots currently unavailable)
Stlth    ++........             (no amulet)
HPRegen  0.22/turn              b - ring of fire
MPRegen  0.15/turn              r - +4 ring of protection

@: ice-form, very slightly contaminated
A: large, distributed training, strong nose
a: End Transformation


You were on level 5 of the Dungeon.
You were a creature of crystalline ice.
You visited 1 branch of the dungeon, and saw 5 of its levels.

You collected 324 gold pieces.
You spent 180 gold pieces at shops.

Inventory:

Hand Weapons
 s - a +4 vorpal flail
 t - a +2 whip of electrocution
Armour
 a - a +1 robe (melded)
 n - a +0 pair of gloves
 o - a +2 cloak (melded)
Jewellery
 b - a ring of fire (left front paw)
 g - an uncursed ring of see invisible
 r - a +4 ring of protection (right front paw)
Wands
 h - a wand of disintegration (12)
 p - a wand of acid (10)
Scrolls
 k - 4 scrolls of teleportation
 l - 2 scrolls of amnesia
 m - a scroll of identify
 u - a scroll of remove curse
Potions
 c - 2 potions of curing
 d - 3 potions of flight
 e - 3 potions of heal wounds
 f - 3 potions of attraction
 j - a potion of brilliance
 q - a potion of haste {unknown}


   Skills:
 + Level 4.1 Fighting
 + Level 3.2 Short Blades
 + Level 3.2 Long Blades
 + Level 3.2 Axes
 + Level 3.2 Maces & Flails
 + Level 3.2 Polearms
 + Level 3.2 Staves
 + Level 3.2 Slings
 + Level 3.2 Bows
 + Level 3.2 Crossbows
 + Level 3.2 Throwing
 + Level 3.2 Armour
 + Level 5.6 Dodging
 + Level 3.2 Stealth
 + Level 3.2 Shields
 + Level 7.3 Unarmed Combat
 + Level 6.0 Spellcasting
 + Level 2.6 Conjurations
 + Level 2.6 Hexes
 + Level 2.6 Summonings
 + Level 2.6 Necromancy
 + Level 2.6 Translocations
 + Level 4.6 Transmutations
 + Level 2.6 Fire Magic
 + Level 2.6 Ice Magic
 + Level 2.6 Air Magic
 + Level 2.6 Earth Magic
 + Level 2.6 Poison Magic
 + Level 3.5 Invocations
 + Level 3.2 Evocations


You had 4 spell levels left.
You knew the following spells:

 Your Spells              Type           Power        Failure   Level
a - Beastly Appendage     Tmut           42%          1%          1
b - Wereblood             Tmut           21%          2%          2
c - Spider Form           Tmut/Pois      8%           9%          3
d - Ice Form              Ice/Tmut       17%          28%         4
e - Blade Hands           Tmut           10%          45%         5

Your spell library contained the following spells:

 Spells                   Type           Power        Failure   Level


Dungeon Overview and Level Annotations

Branches:
Dungeon (5/15)
 Temple: D:4-7

Altars:
Dithmenos
Kikubaaqudgha
Okawaru
Ru
Trog
Xom

Shops:
D:4 !

Annotations:
D:5 1 transporter, Tarl's ghost, novice DDNe


Innate Abilities, Weirdness & Mutations

Your experience applies equally to all skills.
((You have very sharp teeth.))
Your uncanny sense of smell can sniff out nearby items.


Message History

Pain shoots through your body!
* * * LOW HITPOINT WARNING * * *
You hit Tarl's ghost. You freeze Tarl's ghost.
Tarl's ghost is lightly damaged.
Tarl's ghost closely misses you.
You pummel Tarl's ghost!! You freeze Tarl's ghost.
Tarl's ghost is heavily damaged.
Tarl's ghost misses you.
You punch Tarl's ghost! You freeze Tarl's ghost.
Tarl's ghost is severely damaged.
Tarl's ghost hits you!
* * * LOW HITPOINT WARNING * * *
You writhe in agony.
* * * LOW HITPOINT WARNING * * *
You barely miss Tarl's ghost.
Tarl's ghost is severely damaged.
Tarl's ghost hits you.
* * * LOW HITPOINT WARNING * * *
You writhe in agony!
You die...

#.#..#.#.#
#..##..#.#
#..##..#.##
#.#..#.#©.##
#©....(#...#
#.#..#$#©..#
#..##..#)#.#
#OW##..#...#
#.#Y.#.#..##
#......#..# .
########..# .. ∆
#.##.# ...
######.##.## .....
#..........# ###
.....####.#.##.###.#
..# #.............
.# ..#
#.....########..#


You could see an ogre and Tarl's ghost.

Vanquished Creatures
  Grinder (D:5)
  Edmund (D:5)
  A water moccasin (D:3)
  A sky beast (D:5)
  2 ogres (D:4)
  A centaur zombie (D:5)
  3 hounds
  A gnoll shaman (D:5)
  An orc wizard (D:5)
  An iguana (D:4)
  2 worker ants
  A hound skeleton (D:4)
  A howler monkey skeleton (D:4)
  3 gnolls (D:5)
  5 adders
  A shadow imp (D:5)
  An ooze (D:3)
  2 worms (D:4)
  2 dart slugs
  4 orcs
  A ball python (D:3)
  7 bats
  6 giant cockroaches
  4 goblins
  10 hobgoblins
  6 jackals (D:3)
  2 quokkas (D:3)
  6 frilled lizards
  9 kobolds
  A leopard gecko skeleton (D:5)
  7 rats
94 creatures vanquished.

Vanquished Creatures (others)
  A hobgoblin (D:1)
1 creature vanquished.

Grand Total: 95 creatures vanquished

Notes
Turn   | Place    | Note
-------+----------+-------------------------------------------
     0 | D:1      | sideus8 the Gnoll Transmuter began the quest for the Orb.
     0 | D:1      | Reached XP level 1. HP: 17/17 MP: 6/6
   318 | D:1      | Reached XP level 2. HP: 21/23 MP: 7/7
  1111 | D:2      | Learned a level 2 spell: Wereblood
  1134 | D:2      | Reached skill level 5 in Spellcasting
  1134 | D:2      | Reached XP level 3. HP: 19/28 MP: 6/9
  1360 | D:2      | Reached skill level 1 in Invocations
  1510 | D:2      | Reached skill level 1 in Short Blades
  1510 | D:2      | Reached skill level 1 in Long Blades
  1510 | D:2      | Reached skill level 1 in Axes
  1510 | D:2      | Reached skill level 1 in Maces & Flails
  1510 | D:2      | Reached skill level 1 in Polearms
  1510 | D:2      | Reached skill level 1 in Staves
  1510 | D:2      | Reached skill level 1 in Slings
  1510 | D:2      | Reached skill level 1 in Bows
  1510 | D:2      | Reached skill level 1 in Crossbows
  1510 | D:2      | Reached skill level 1 in Throwing
  1510 | D:2      | Reached skill level 1 in Armour
  1510 | D:2      | Reached skill level 1 in Stealth
  1510 | D:2      | Reached skill level 1 in Shields
  1510 | D:2      | Reached skill level 1 in Evocations
  1549 | D:2      | Reached XP level 4. HP: 29/34 MP: 11/11
  1901 | D:2      | Found a bloodstained altar of Trog.
  1901 | D:2      | Found a shadowy altar of Dithmenos.
  1907 | D:2      | Found a faded altar of an unknown god.
  1909 | D:2      | Found a shimmering altar of Xom.
  1913 | D:2      | Found an iron altar of Okawaru.
  2148 | D:3      | Reached skill level 1 in Conjurations
  2148 | D:3      | Reached skill level 1 in Hexes
  2148 | D:3      | Reached skill level 1 in Summonings
  2148 | D:3      | Reached skill level 1 in Necromancy
  2148 | D:3      | Reached skill level 1 in Translocations
  2148 | D:3      | Reached skill level 1 in Fire Magic
  2148 | D:3      | Reached skill level 1 in Ice Magic
  2148 | D:3      | Reached skill level 1 in Air Magic
  2148 | D:3      | Reached skill level 1 in Earth Magic
  2148 | D:3      | Reached skill level 1 in Poison Magic
  2263 | D:3      | Upgraded the game from 0.26-a0-1126-g3318b609a0 to
                  | 0.26-a0-1129-gc5df7fbe6a
  2403 | D:3      | Reached XP level 5. HP: 40/40 MP: 10/12
  2504 | D:3      | You fall into a shaft and drop 1 floor!
  2841 | D:4      | Reached XP level 6. HP: 24/47 MP: 10/13
  3111 | D:4      | Reached skill level 5 in Dodging
  3419 | D:4      | Found Arphicla's Distillery.
  3430 | D:4      | Bought a potion of curing for 30 gold pieces
  3430 | D:4      | Bought 2 potions of heal wounds for 100 gold pieces
  3430 | D:4      | Bought a potion of heal wounds for 50 gold pieces
  3552 | D:5      | Entered Level 5 of the Dungeon
  3632 | D:3      | Learned a level 3 spell: Spider Form
  3637 | D:3      | Learned a level 4 spell: Ice Form
  3643 | D:3      | Learned a level 5 spell: Blade Hands
  3775 | D:3      | Noticed a water moccasin
  3795 | D:3      | Killed a water moccasin
  3796 | D:3      | Reached skill level 7 in Unarmed Combat
  3796 | D:3      | Reached XP level 7. HP: 31/52 MP: 15/15
  4207 | D:5      | Noticed Edmund
  4216 | D:5      | Killed Edmund
  4514 | D:5      | Found a sacrificial altar of Ru.
  4785 | D:5      | Reached XP level 8. HP: 52/60 MP: 14/16
  4893 | D:5      | Found an ancient bone altar of Kikubaaqudgha.
  4893 | D:5      | Noticed Grinder
  4917 | D:5      | Killed Grinder
  4936 | D:5      | Found a transporter.
  4941 | D:5      | Noticed Tarl's ghost (novice DDNe)
  4949 | D:5      | Found a transporter.
  4955 | D:5      | Identified the +9 dire flail of Arrival {vorpal, SInv}
  4968 | D:5      | Slain by Tarl's ghost

Illustrated notes

Levels and vault maps discovered:
D:1:      dpeg_arrival_court, layout_basic, hangedman_abyss_or_decor_stabs,
          lemuel_flame_loot_1
D:2:      layout_loops_corners, chequers_temple_overflow_minitemple
D:3:      layout_loops_ring, grunt_decor_one_mirror, kennysheep_small_spiral
D:4:      layout_cave_pools, serial_shops, shop, minmay_box_of_dots
D:5:      layout_basic, kiku_gazebo_pond_becter,
          nicolae_ru_great_annihilating_truth, lemuel_temple_firewalk_b,
          gammafunk_ghost_smash, uniq_edmund, uniq_grinder

Skill      XL: |  1  2  3  4  5  6  7  8 |
---------------+-------------------------+-----
Spellcasting   | 5 6 |  6.0
Invocations    | 1 2 3 |  3.5
Short Blades   | 1 2 3 |  3.2
Long Blades    | 1 2 3 |  3.2
Axes           | 1 2 3 |  3.2
Maces & Flails | 1 2 3 |  3.2
Polearms       | 1 2 3 |  3.2
Staves         | 1 2 3 |  3.2
Slings         | 1 2 3 |  3.2
Bows           | 1 2 3 |  3.2
Crossbows      | 1 2 3 |  3.2
Throwing       | 1 2 3 |  3.2
Armour         | 1 2 3 |  3.2
Stealth        | 1 2 3 |  3.2
Shields        | 1 2 3 |  3.2
Evocations     | 1 2 3 |  3.2
Conjurations   | 1 2 |  2.6
Hexes          | 1 2 |  2.6
Summonings     | 1 2 |  2.6
Necromancy     | 1 2 |  2.6
Translocations | 1 2 |  2.6
Fire Magic     | 1 2 |  2.6
Ice Magic      | 1 2 |  2.6
Air Magic      | 1 2 |  2.6
Earth Magic    | 1 2 |  2.6
Poison Magic   | 1 2 |  2.6
Fighting       | 3 4 |  4.1
Transmutations | 4 |  4.6
Dodging        | 5 |  5.6
Unarmed Combat | 7 |  7.3

Action                   |  1- 3 |  4- 6 |  7- 9 || total
-------------------------+-------+-------+-------++-------
Melee: Unarmed           |    63 |   168 |    97 ||   328
       Kick              |     8 |    31 |    13 ||    52
       Headbutt          |     3 |    25 |     8 ||    36
       Punch             |     2 |     4 |     1 ||     7
       Bite              |     4 |    16 |     6 ||    26
 Cast: Beastly Appendage |    14 |    27 |     9 ||    50
       Wereblood         |       |     1 |     1 ||     2
       Ice Form          |       |       |     3 ||     3
  Use: Scroll            |     5 |     7 |     1 ||    13
       Potion            |       |     2 |       ||     2
 Stab: Sleeping          |       |     2 |     1 ||     3
Armor: Robe              |     8 |    24 |    22 ||    54
       Skin              |       |       |     1 ||     1
Dodge: Dodged            |    35 |   134 |    52 ||   221

Table legend: (Time is in decaauts)
 A = Elapsed time spent in this place.
 B = Non-inter-level travel time spent in this place.
 C = Inter-level travel time spent in this place.
 D = Time resting spent in this place.
 E = Time spent auto-exploring this place.
 F = Levels seen in this place.
 G = Mean time per level.
                   A        B        C        D        E       F      G
               +--------+--------+--------+--------+--------+-----+--------+
         Total |   4926 |   4926 |      0 |    768 |   2450 |   5 |  985.2 |
       Dungeon |   4926 |   4926 |      0 |    768 |   2450 |   5 |  985.2 |
               +--------+--------+--------+--------+--------+-----+--------+

Top non-repeatable levels by time:
     D:3: 1125 daAuts
     D:4: 1122 daAuts
     D:1: 1065 daAuts
     D:2: 860 daAuts
     D:5: 751 daAuts
